[Event "fics rated crazyhouse match"]
[Site "fics, Oklahoma City, OK USA"]
[Date "2001.02.10"]
[White "LINDEGREN"]
[WhiteElo "2346"]
[Black "Perplexity"]
[BlackElo "2421"]
[TimeControl "180+0"]
[Result "1-0"]

1. e4 Nf6 2. Nc3 d5 3. exd5 Nxd5 4. d4 e6 5. Nf3 Nc6 6. Bb5 
Nxc3 7. bxc3 Bd7 8. O-O a6 9. Bd3 P@c5 10. dxc5 Bxc5 11. N@h5 Bf8 
12. Bg5 P@f6 13. Be3 N@b2 14. Qe2 Nxd3 15. cxd3 e5 16. h3 Bf5 17. P@e4 
Bg6 18. Ng3 h6 19. Nf5 Bxf5 20. exf5 Ne7 21. B@g4 h5 22. P@e6 hxg4 
23. hxg4 Qd5 24. exf7+ Kxf7 25. P@e6+ Kg8 26. P@f7+ Kh7 27. N@g5+ fxg5 28. Nxg5+ 
Kh6 29. Ne4+ P@g5 30. Bxg5+ Kh7 31. Bxe7 N@h3+ 32. gxh3 B@h2+ 33. Kxh2 B@f4+ 
34. B@g3 Bxg3+ 35. fxg3 B@g1+ 36. Rxg1 N@f3+ 37. Qxf3 Qxe6 38. fxe6 g6 39. Nf6+ 
Kh6 40. B@e3+ P@f4 41. Bxf4+ exf4 42. g5+ Kg7 43. Q@g8+ Rxg8 44. fxg8=Q# 
{Perplexity checkmated} 1-0

[Event "fics rated crazyhouse match"]
[Site "fics, Oklahoma City, OK USA"]
[Date "2001.02.10"]
[White "Perplexity"]
[WhiteElo "2411"]
[Black "LINDEGREN"]
[BlackElo "2356"]
[TimeControl "180+0"]
[Result "1-0"]

1. e4 Nf6 2. Nc3 Nc6 3. d4 d5 4. e5 Ne4 5. Nxe4 dxe4 6. Be3 
e6 7. Qd2 f5 8. exf6 gxf6 9. P@f3 P@d5 10. f4 N@f5 11. Be2 Nxe3 
12. Qxe3 Qe7 13. Bh5+ B@g6 14. Bxg6+ hxg6 15. Ne2 B@a6 16. Nc3 Bh6 17. O-O-O 
Bc4 18. N@a3 Na5 19. Nxc4 Nxc4 20. B@b5+ Bd7 21. Bxc4 dxc4 22. Qxe4 Bc6 
23. Qxg6+ B@f7 24. Qg4 O-O-O 25. B@c5 Qd7 26. Bxa7 Bh5 27. Qh4 Bxd1 28. Rxd1 
R@a1+ 29. Kd2 e5 30. Rxa1 exd4 31. R@b8# 
{LINDEGREN checkmated} 1-0

[Event "fics rated crazyhouse match"]
[Site "fics, Oklahoma City, OK USA"]
[Date "2001.02.10"]
[White "LINDEGREN"]
[WhiteElo "2349"]
[Black "Perplexity"]
[BlackElo "2418"]
[TimeControl "180+0"]
[Result "1-0"]

1. e4 Nf6 2. Nc3 d5 3. exd5 Nxd5 4. d4 e6 5. Nf3 Nc6 6. Bb5 
Nxc3 7. bxc3 Bd7 8. O-O h6 9. Qe2 a6 10. Bd3 N@a4 11. Bd2 Nb2 
12. P@g6 Nxd3 13. gxf7+ Kxf7 14. cxd3 Kg8 15. N@e5 Nxe5 16. Nxe5 Be8 17. P@f7+ 
Bxf7 18. Nxf7 Kxf7 19. B@g6+ Ke7 20. N@f7 Qd5 21. Be4 B@h5 22. Bxd5 Bxe2 
23. N@g6+ Ke8 24. Bxe6 N@f6 25. Nfxh8 Bxf1 26. Rxf1 N@e2+ 27. Kh1 R@e7 28. Nxe7 
Kd8 29. Nf5 P@d7 30. Bxd7 P@e3 31. Bxe3 P@f3 32. B@e4 fxg2+ 33. Bxg2 P@f4 
34. Nf7+ Kxd7 35. Ne5+ Kd8 36. P@d7 B@e6 37. R@e8+ Nxe8 38. dxe8=Q+ Kxe8 39. P@d7+ 
Bxd7 40. Q@f7+ Kd8 41. Qxd7# 
{Perplexity checkmated} 1-0

[Event "fics rated crazyhouse match"]
[Site "fics, Oklahoma City, OK USA"]
[Date "2001.02.10"]
[White "Perplexity"]
[WhiteElo "2408"]
[Black "LINDEGREN"]
[BlackElo "2359"]
[TimeControl "180+0"]
[Result "1-0"]

1. e4 Nf6 2. Nc3 Nc6 3. d4 e6 4. Bg5 Be7 5. Bxf6 Bxf6 6. Nf3 
d5 7. Bb5 O-O 8. exd5 exd5 9. N@e3 Be6 10. P@f5 B@h5 11. fxe6 fxe6 
12. Bxc6 bxc6 13. g4 Bg6 14. N@e5 Bxe5 15. Nxe5 B@h6 16. Nxc6 Qe8 17. Ne5 
Bxe3 18. fxe3 N@g2+ 19. Ke2 N@e4 20. P@f4 Nxc3+ 21. bxc3 N@e4 22. B@d2 Nh4 
23. B@c6 Qe7 24. B@b4 P@d6 25. Rf1 a5 26. Bxa8 axb4 27. Nxg6 hxg6 28. N@c6 
B@b5+ 29. B@d3 Bxc6 30. Bxc6 P@f3+ 31. Rxf3 Nxf3 32. Bxe4 dxe4 33. Bxe4 N@g1+ 
34. Qxg1 Nxg1+ 35. Rxg1 R@f2+ 36. Kxf2 N@h3+ 37. Ke1 Q@f2+ 38. Kd1 Qxg1+ 39. R@e1 
R@b1+ 40. N@c1 Qxg4+ 41. B@f3 Qgh4 42. Bxg6 P@h7 43. P@f7+ Rxf7 44. Bxf7+ Qxf7 
45. R@b8+ B@f8 46. N@g2 Qh6 47. R@h4 Qxh4 48. Nxh4 P@b2 49. Rxb4 bxc1=Q+ 50. Bxc1 
Rxb4 51. cxb4 B@f5 52. Nxf5 exf5 53. Q@b2 Nf2+ 54. Ke2 Ne4 55. Bxe4 fxe4 
56. B@b3 B@f3+ 57. Kf1 
{LINDEGREN forfeits on time} 1-0

[Event "fics rated crazyhouse match"]
[Site "fics, Oklahoma City, OK USA"]
[Date "2001.02.10"]
[White "LINDEGREN"]
[WhiteElo "2352"]
[Black "Perplexity"]
[BlackElo "2415"]
[TimeControl "180+0"]
[Result "0-1"]

1. e4 Nf6 2. Nc3 d5 3. exd5 Nxd5 4. d4 e6 5. Nf3 Nc6 6. Bb5 
Nxc3 7. bxc3 Bd7 8. O-O h6 9. Qe2 a6 10. Bd3 N@d5 11. Bd2 Bd6 
12. P@g6 fxg6 13. Bxg6+ P@f7 14. Bxf7+ Kxf7 15. P@e4 Nf4 16. Bxf4 Bxf4 17. d5 
P@b2 18. Rad1 exd5 19. exd5 B@b5 20. P@d3 Re8 21. P@e6+ Bxe6 22. dxe6+ Rxe6 
23. B@e4 P@d5 24. N@h3 Rxe4 25. Nxf4 Rxe2 26. B@g6+ Kg8 27. Nxe2 P@f7 28. Bxf7+ 
Kxf7 29. N@e5+ Nxe5 30. Nxe5+ Kf6 31. P@f4 B@h5 32. N@g3 Bhe8 33. Nd4 Bbd7 
34. c4 P@h4 35. cxd5 hxg3 36. hxg3 Ke7 37. Rde1 Kd6 38. c4 Bc8 39. Nb3 
c5 40. dxc6 bxc6 41. c5+ Ke7 42. P@d6+ Kf6 43. P@g5+ hxg5 44. fxg5+ Kxg5 
45. f4+ Kh6 46. R@h8+ P@h7 47. P@g5+ Kh5 48. Rxh7+ B@h6 49. gxh6 gxh6 50. B@e2+ 
P@g4 51. P@h3 P@f5 52. hxg4+ fxg4 53. P@h3 P@h2+ 54. Kxh2 P@f5 55. hxg4+ fxg4 
56. P@h3 P@f3 57. gxf3 Q@g2+ 58. Kxg2 gxh3+ 59. Kh2 P@f5 60. P@g4+ fxg4 61. fxg4+ 
Bxg4 62. Nxg4 Kg6 63. Ne5+ Kxh7 64. B@f5+ P@g6 65. P@g7 Kxg7 66. P@f6+ Qxf6 
67. Nxg6 Qxf5 68. Kh1 P@g2# 
{LINDEGREN forfeits on time} 0-1

[Event "fics rated crazyhouse match"]
[Site "fics, Oklahoma City, OK USA"]
[Date "2001.02.10"]
[White "Perplexity"]
[WhiteElo "2422"]
[Black "LINDEGREN"]
[BlackElo "2345"]
[TimeControl "180+0"]
[Result "1-0"]

1. e4 Nf6 2. e5 Nd5 3. d4 e6 4. Nf3 d6 5. Nc3 Nc6 6. Nxd5 
exd5 7. Bb5 Bd7 8. Bg5 Be7 9. Bxe7 Qxe7 10. B@h4 f6 11. Bxc6 bxc6 
12. O-O O-O 13. exf6 gxf6 14. N@h6+ Kh8 15. N@f5 Bxf5 16. Nxf5 Qf7 17. P@g7+ 
Qxg7 18. Nxg7 Kxg7 19. Q@d7+ Rf7 20. Qxc6 Raf8 21. P@e6 Re7 22. Qxd5 B@g6 
23. P@e5 N@f4 24. exf6+ Rxf6 25. Bxf6+ Kxf6 26. B@e5# 
{LINDEGREN resigns} 1-0

[Event "fics rated crazyhouse match"]
[Site "fics, Oklahoma City, OK USA"]
[Date "2001.02.10"]
[White "LINDEGREN"]
[WhiteElo "2339"]
[Black "Perplexity"]
[BlackElo "2428"]
[TimeControl "180+0"]
[Result "0-1"]

1. e4 e6 2. Nc3 d6 3. d4 Nc6 4. Nf3 h6 5. Bb5 a6 6. Bxc6+ 
bxc6 7. O-O Ne7 8. Be3 a5 9. e5 Nf5 10. Ne4 d5 11. N@f6+ gxf6 
12. Nxf6+ Ke7 13. P@g5 h5 14. b3 Ba6 15. Re1 Qb8 16. Rc1 Kd8 17. c4 
dxc4 18. bxc4 P@g7 19. d5 cxd5 20. cxd5 gxf6 21. dxe6+ B@d3 22. exf6 fxe6 
23. P@g7 Bxg7 24. fxg7 Nxg7 25. Ne5 N@b2 26. Nc6+ Ke8 27. Nxb8 Rxb8 28. B@c6+ 
P@d7 29. Bxd7+ Kxd7 30. Q@d4+ Ke8 31. Qxg7 N@f7 32. N@f6+ Ke7 33. Bc5+ P@d6 
34. Nd5+ Kd8 35. Qxf7 N@d7 36. Bxd6 Nc4 37. Bxc7+ Kc8 38. Rxc4 Kb7 39. Qxd7 
Bdxc4 40. P@c6+ Ka8 41. N@b6+ Rxb6 42. Nxb6+ Ka7 43. N@c8+ Rxc8 44. Nxc8+ Bxc8 
45. P@b6+ Ka6 46. Qxc8+ P@b7 47. Qxb7+ Kb5 48. N@d4+ Kb4 49. R@b3+ Kc5 50. B@e7+ 
P@d6 51. Re5+ Bd5 52. Rb5+ Kc4 53. Qb3+ Kxd4 54. Qe3+ Kc4 55. Qb3+ Kd4 
56. R@d3+ Kxe5 
{LINDEGREN forfeits on time} 0-1

[Event "fics rated crazyhouse match"]
[Site "fics, Oklahoma City, OK USA"]
[Date "2001.02.10"]
[White "Perplexity"]
[WhiteElo "2434"]
[Black "LINDEGREN"]
[BlackElo "2333"]
[TimeControl "180+0"]
[Result "1-0"]

1. e4 Nf6 2. Nc3 Nc6 3. d4 d5 4. e5 Ne4 5. Nxe4 dxe4 6. Be3 
e6 7. Qd2 N@f5 8. Ne2 Nxe3 9. Qxe3 B@g6 10. c3 f5 11. exf6 gxf6 
12. Nf4 P@d5 13. Qg3 Kf7 14. P@e5 Bg7 15. exf6 Qxf6 16. Nxg6 hxg6 17. Qxc7+ 
P@e7 18. N@d6+ Kg8 19. P@f7+ Kh7 20. B@g8+ Rxg8 21. fxg8=Q+ Kxg8 22. P@f7+ Kh7 
23. Nxc8 P@d2+ 24. Kd1 Qxf2 25. B@g8+ Kh6 26. N@g4# 
{LINDEGREN resigns} 1-0

[Event "fics rated crazyhouse match"]
[Site "fics, Oklahoma City, OK USA"]
[Date "2001.02.10"]
[White "LINDEGREN"]
[WhiteElo "2327"]
[Black "Perplexity"]
[BlackElo "2440"]
[TimeControl "180+0"]
[Result "1-0"]

1. e4 e6 2. d4 d6 3. Bd3 Nf6 4. Be3 e5 5. Nf3 Ng4 6. d5 
Nxe3 7. fxe3 Bg4 8. O-O Nd7 9. Nc3 Nf6 10. N@f5 a6 11. Qe2 B@a5 
12. Rab1 Bxf5 13. exf5 Bxc3 14. bxc3 Nxd5 15. B@e6 fxe6 16. fxe6 Nxc3 17. B@d7+ 
Ke7 18. Qd2 Nxb1 19. Rxb1 P@f2+ 20. Qxf2 Qb8 21. Ng5 R@f4 22. exf4 B@e8 
23. N@c6+ bxc6 24. Rxb8 Rxb8 25. Bxe8 R@b1+ 26. B@f1 Rxf1+ 27. Bxf1 B@h5 28. Bxh5 
N@h6 29. Q@d7+ Kf6 30. Ne4+ Kf5 31. Ng3+ Kf6 32. B@g5# 
{Perplexity checkmated} 1-0

[Event "fics rated crazyhouse match"]
[Site "fics, Oklahoma City, OK USA"]
[Date "2001.02.10"]
[White "Perplexity"]
[WhiteElo "2429"]
[Black "LINDEGREN"]
[BlackElo "2337"]
[TimeControl "180+0"]
[Result "0-1"]

1. e4 e6 2. d4 Nc6 3. Be3 Nf6 4. Bd3 Be7 5. Nc3 d5 6. e5 
Nd7 7. Qg4 O-O 8. Bh6 g6 9. Bb5 Ncxe5 10. dxe5 Nxe5 11. Qf4 Bf6 
12. Bxf8 Kxf8 13. R@e8+ Qxe8 14. Bxe8 B@g5 15. Qxg5 Bxg5 16. Q@h8+ Ke7 17. Rd1 
P@d2+ 18. Kf1 R@e1+ 19. Rxe1 dxe1=Q+ 20. Kxe1 Q@d2+ 21. Kf1 R@e1# 
{Perplexity checkmated} 0-1

[Event "fics rated crazyhouse match"]
[Site "fics, Oklahoma City, OK USA"]
[Date "2001.02.10"]
[White "LINDEGREN"]
[WhiteElo "2347"]
[Black "Perplexity"]
[BlackElo "2419"]
[TimeControl "180+0"]
[Result "0-1"]

1. e4 e6 2. d4 d5 3. e5 Nc6 4. Nh3 Nge7 5. Bg5 Qd7 6. Bxe7 
Bxe7 7. Be2 O-O 8. O-O f6 9. exf6 Bxf6 10. P@e5 Be7 11. Nc3 Qd8 
12. Bh5 B@b6 13. Ne2 P@c5 14. dxc5 Bexc5 15. P@g6 hxg6 16. Bxg6 Nxe5 17. P@f7+ 
Rxf7 18. Bxf7+ Nxf7 19. Nef4 P@e5 20. Nh5 P@g6 21. Nxg7 Kxg7 22. N@d3 Kg8 
23. Nxc5 Bxc5 24. B@g3 P@h4 25. P@h5 hxg3 26. hxg3 P@h7 27. hxg6 hxg6 28. P@f4 
N@e4 29. fxe5 Nxg3 30. Qg4 B@f5 31. Qf3 N@e2+ 32. Kh2 Nxe5 
{LINDEGREN resigns} 0-1

[Event "fics rated crazyhouse match"]
[Site "fics, Oklahoma City, OK USA"]
[Date "2001.02.10"]
[White "Perplexity"]
[WhiteElo "2425"]
[Black "LINDEGREN"]
[BlackElo "2341"]
[TimeControl "180+0"]
[Result "1-0"]

1. e4 Nf6 2. Nc3 Nc6 3. d4 d5 4. e5 Ne4 5. Nxe4 dxe4 6. Be3 
Bf5 7. Bb5 a6 8. Be2 e6 9. a3 Be7 10. Qd2 Nxe5 11. dxe5 Qxd2+ 
12. Bxd2 Rd8 13. Q@c1 P@d3 14. Bd1 dxc2 15. Bxc2 N@d3+ 16. Bxd3 exd3 17. Qxc7 
O-O 18. Qxe7 P@e2 19. N@e3 B@h6 20. P@g5 Rde8 21. Qxf8+ Rxf8 22. gxh6 Q@g5 
23. N@d6 gxh6 24. B@f6 
{LINDEGREN resigns} 1-0

[Event "fics rated crazyhouse match"]
[Site "fics, Oklahoma City, OK USA"]
[Date "2001.02.10"]
[White "LINDEGREN"]
[WhiteElo "2335"]
[Black "Perplexity"]
[BlackElo "2431"]
[TimeControl "180+0"]
[Result "0-1"]

1. e4 e6 2. Nc3 d6 3. d4 a6 4. Nf3 h6 5. Bd3 Be7 6. O-O 
Nd7 7. e5 dxe5 8. Nxe5 Nxe5 9. dxe5 P@d4 10. P@g6 fxg6 11. Bxg6+ P@f7 
12. Bxf7+ Kxf7 13. Ne4 Qd5 14. Qf3+ B@f5 15. N@g3 Qxe5 16. Bf4 Qb5 17. Nxf5 
exf5 18. Ng3 N@h4 19. B@d5+ P@e6 20. Bxe6+ Bxe6 21. Qd1 Qxb2 22. Rb1 Qxa2 
23. Rxb7 Qd5 
{LINDEGREN resigns} 0-1

[Event "fics rated crazyhouse match"]
[Site "fics, Oklahoma City, OK USA"]
[Date "2001.02.10"]
[White "Perplexity"]
[WhiteElo "2437"]
[Black "LINDEGREN"]
[BlackElo "2329"]
[TimeControl "180+0"]
[Result "1-0"]

1. e4 Nf6 2. Nc3 Nc6 3. d4 d5 4. e5 Nd7 5. Nxd5 e6 6. Nc3 
Ndxe5 7. dxe5 Qxd1+ 8. Kxd1 Nxe5 9. N@b5 Bd6 10. P@c5 Q@d8 11. cxd6 cxd6 
12. B@c7 Qd7 13. Bxd6 P@e7 14. Nc7+ Kf8 15. Bd2 exd6 16. Nxa8 B@g6 17. R@c7 
Qd8 18. P@e7# 
{LINDEGREN resigns} 1-0

[Event "fics rated crazyhouse match"]
[Site "fics, Oklahoma City, OK USA"]
[Date "2001.02.10"]
[White "LINDEGREN"]
[WhiteElo "2323"]
[Black "Perplexity"]
[BlackElo "2443"]
[TimeControl "180+0"]
[Result "1-0"]

1. e4 Nf6 2. Nc3 d5 3. exd5 Nxd5 4. d4 e6 5. Nf3 Nc6 6. Bb5 
Nxc3 7. bxc3 Bd7 8. O-O Be7 9. N@h5 Rg8 10. Rb1 P@g6 11. Nf4 g5 
12. Nh5 g6 13. Ng3 g4 14. Ne1 f5 15. f3 gxf3 16. Nxf3 P@f7 17. Bd2 
g5 18. Qe2 g4 19. Ne1 N@a3 20. Rb3 Nxb5 21. Rxb5 B@a6 22. a4 Rg7 
23. P@h6 Rg6 24. P@g7 Bc8 25. N@f4 Bxb5 26. axb5 Nxd4 27. cxd4 Qxd4+ 28. B@e3 
Qa1 29. Nxg6 hxg6 30. R@g8+ Kd7 31. Nd3 P@f2+ 32. Bxf2 R@b1 33. Ne5+ Qxe5 
34. Qxe5 N@h3+ 35. gxh3 N@f3+ 36. Kg2 Nh4+ 37. Kg1 Nf3+ 38. Kh1 Rxf1+ 39. Nxf1 
P@g2+ 40. Kxg2 gxh3+ 41. Kxf3 P@g4+ 42. Ke2 R@f8 43. gxf8=Q Bxf8 44. N@f6+ Kd8 
45. R@e8# 
{Perplexity checkmated} 1-0

[Event "fics rated crazyhouse match"]
[Site "fics, Oklahoma City, OK USA"]
[Date "2001.02.10"]
[White "Perplexity"]
[WhiteElo "2432"]
[Black "LINDEGREN"]
[BlackElo "2334"]
[TimeControl "180+0"]
[Result "1-0"]

1. e4 e6 2. d4 b6 3. Nc3 Bb7 4. Bd3 Bb4 5. Nf3 Nf6 6. e5 
Nd5 7. Qd2 Bxc3 8. bxc3 d6 9. Qg5 Qxg5 10. Bxg5 Nc6 11. exd6 cxd6 
12. P@a6 Bxa6 13. Bxa6 O-O 14. B@b2 N@f4 15. Bxf4 Nxf4 16. Q@g3 B@h6 17. N@g4 
Nxg2+ 18. Qxg2 P@d2+ 19. Nxd2 Bxd2+ 20. Kxd2 P@g6 21. Qxc6 Q@f4+ 22. N@e3 N@e4+ 
23. Qxe4 Qxe4 24. N@f6+ gxf6 25. N@e7+ Kh8 26. P@g7# 
{LINDEGREN resigns} 1-0

[Event "fics rated crazyhouse match"]
[Site "fics, Oklahoma City, OK USA"]
[Date "2001.02.10"]
[White "LINDEGREN"]
[WhiteElo "2328"]
[Black "Perplexity"]
[BlackElo "2438"]
[TimeControl "180+0"]
[Result "1-0"]

1. e4 e6 2. d4 d6 3. Bd3 Nf6 4. Be3 e5 5. Nf3 Ng4 6. O-O 
exd4 7. Nxd4 P@e5 8. Nf5 Bxf5 9. exf5 Nxe3 10. fxe3 B@c5 11. Qe2 N@f4 
12. Rxf4 exf4 13. P@e6 Bxe3+ 14. B@f2 fxe6 15. fxe6 R@c1+ 16. N@f1 Bxf2+ 17. Qxf2 
Qf6 18. N@d5 Qxb2 19. Nxc7+ Ke7 20. B@g5+ P@f6 21. Bxf4 B@c5 22. P@e3 Qxa1 
23. Nxa8 Kxe6 24. P@c7 Be7 25. cxb8=Q Rxb8 26. Nc7+ Kd7 27. Nd5 Bd8 28. P@e7 
Ba5 29. N@f8+ Kc6 30. Be4 f5 31. Nb4+ Kb5 32. Bd3+ P@c4 33. Bxc4+ Kxc4 
34. Qe2+ Kxb4 35. R@b5+ Ka4 36. Qc4+ Bab4 37. P@b3# 
{Perplexity checkmated} 1-0

[Event "fics rated crazyhouse match"]
[Site "fics, Oklahoma City, OK USA"]
[Date "2001.02.10"]
[White "Perplexity"]
[WhiteElo "2428"]
[Black "LINDEGREN"]
[BlackElo "2338"]
[TimeControl "180+0"]
[Result "1-0"]

1. e4 Nf6 2. Nc3 Nc6 3. d4 e6 4. Bg5 Be7 5. Bxf6 Bxf6 6. Nf3 
O-O 7. N@h5 d6 8. Nxf6+ Qxf6 9. Bb5 B@g4 10. Bxc6 Bxf3 11. Qxf3 Qxf3 
12. N@e7+ Kh8 13. gxf3 N@g2+ 14. Kf1 Q@h3 15. Q@g3 Nf4+ 16. Qxh3 Nxh3 17. Nxc8 
bxc6 18. Q@g3 N@d2+ 19. Ke1 Nxf3+ 20. Qxf3 Ng5 21. Qg2 B@f4 22. B@c1 Bxc1 
23. Rxc1 B@f4 24. B@e3 Bxe3 25. fxe3 B@h4+ 26. B@f2 P@f3 27. Qf1 Bxf2+ 28. Qxf2 
Raxc8 29. N@h4 B@h5 30. h3 N@g2+ 31. Nxg2 fxg2 32. Qxg2 N@h4 33. Qf2 Ngf3+ 
34. Kf1 f5 35. P@e7 Rg8 36. exf5 Nxf5 37. P@d7 Nxe7 38. dxc8=Q Nd2+ 39. Ke1 
Nxc8 40. Kxd2 P@b4 41. Ne4 P@c3+ 42. bxc3 bxc3+ 43. Kxc3 P@b4+ 44. Kd2 P@c3+ 
45. Ke1 d5 46. N@g5 Nd6 47. Nxd6 Q@d2+ 48. Kf1 Qxf2+ 49. Kxf2 Q@e2+ 50. Kg3 
Rf8 51. N@f7# 
{LINDEGREN resigns} 1-0

[Event "fics rated crazyhouse match"]
[Site "fics, Oklahoma City, OK USA"]
[Date "2001.02.10"]
[White "LINDEGREN"]
[WhiteElo "2332"]
[Black "Perplexity"]
[BlackElo "2434"]
[TimeControl "180+0"]
[Result "1-0"]

1. e4 e6 2. d4 d6 3. Bd3 Nf6 4. Be3 e5 5. Nf3 Ng4 6. O-O 
exd4 7. Nxd4 P@e5 8. Nf5 Bxf5 9. exf5 Nxe3 10. fxe3 B@c5 11. Qe2 N@f4 
12. Rxf4 exf4 13. P@f2 fxe3 14. fxe3 Qh4 15. B@g3 Qd8 16. P@e6 fxe6 17. fxe6 
Qf6 18. N@d5 R@c1+ 19. N@f1 Qxb2 20. Nxc7+ Ke7 21. Nxa8 Qxa1 22. P@c7 R@c8 
23. cxb8=Q Rxb8 24. Nc7 Kd8 25. Nd5 Rxf1+ 26. Qxf1 Bxe3+ 27. Nxe3 P@f2+ 28. Bxf2 
N@e5 29. Bh4+ P@g5 30. Bxg5+ P@e7 31. N@f7+ Kc7 32. Nxe5 P@f2+ 33. Kh1 dxe5 
34. R@d7+ Kb6 35. Nc4+ Kc5 36. B@a3+ P@b4 37. N@b3+ Kb5 38. R@a5+ Kc6 39. P@d5# 
{Perplexity checkmated} 1-0

[Event "fics rated crazyhouse match"]
[Site "fics, Oklahoma City, OK USA"]
[Date "2001.02.10"]
[White "Perplexity"]
[WhiteElo "2424"]
[Black "LINDEGREN"]
[BlackElo "2342"]
[TimeControl "180+0"]
[Result "1-0"]

1. e4 Nf6 2. Nc3 Nc6 3. d4 e6 4. e5 Nd5 5. Nf3 Bb4 6. Bd2 
d6 7. Nxd5 Bxd2+ 8. Qxd2 exd5 9. B@h4 B@e7 10. Bxe7 Qxe7 11. Bb5 f6 
12. N@a5 B@d7 13. O-O-O N@e4 14. exf6 gxf6 15. Rhe1 Nxa5 16. Qxa5 Bxb5 17. Qxb5+ 
B@c6 18. Qf1 Be6 19. N@a5 P@c3 20. B@h5+ Kd7 21. P@b5 cxb2+ 22. Kxb2 P@c3+ 
23. Kc1 Bxb5 24. Qxb5+ P@c6 25. Qxb7 Qd8 26. Qxc6+ Ke7 27. Qb7 Qd7 28. Nc6+ 
Qxc6 29. Qxc6 
{LINDEGREN resigns} 1-0

[Event "fics rated crazyhouse match"]
[Site "fics, Oklahoma City, OK USA"]
[Date "2001.02.10"]
[White "LINDEGREN"]
[WhiteElo "2336"]
[Black "Perplexity"]
[BlackElo "2430"]
[TimeControl "180+0"]
[Result "0-1"]

1. e4 e6 2. Nc3 d6 3. d4 Be7 4. Nf3 Nf6 5. Bd3 Nc6 6. O-O 
Bd7 7. Be3 Nb4 8. Qe2 Nxd3 9. cxd3 h6 10. e5 Ng4 11. N@h5 g6 
12. Nf4 dxe5 13. Nxe5 Nxe5 14. dxe5 P@g7 15. Ne4 Bc6 16. Rad1 Bg5 17. P@f6 
gxf6 18. exf6 Bxf6 19. Nxf6+ Qxf6 20. N@g4 Qe7 21. B@f6 P@f3 22. gxf3 N@g5 
23. P@g2 Bxf3 24. gxf3 N@h3+ 25. Nxh3 Nxh3+ 26. Kh1 P@g2+ 27. Kxg2 N@f4+ 28. Bxf4 
Nxf4+ 29. Kh1 P@g2+ 30. Kg1 Nxe2+ 31. Kxg2 Nf4+ 32. Kg3 Nh5+ 33. Kg2 Nf4+ 
34. Kg3 B@h4+ 35. Kxf4 Q@d4# 
{LINDEGREN resigns} 0-1

[Event "fics rated crazyhouse match"]
[Site "fics, Oklahoma City, OK USA"]
[Date "2001.02.10"]
[White "Perplexity"]
[WhiteElo "2436"]
[Black "LINDEGREN"]
[BlackElo "2330"]
[TimeControl "180+0"]
[Result "0-1"]

1. e4 Nf6 2. Nc3 Nc6 3. d4 d5 4. e5 Ne4 5. Nxe4 dxe4 6. Be3 
e6 7. c3 N@f5 8. Bf4 Be7 9. Qc2 O-O 10. Qxe4 Ncxd4 11. cxd4 Qxd4 
12. Qxd4 Nxd4 13. Bd3 P@f5 14. Q@d2 Bd7 15. P@c3 Bc6 16. cxd4 Bxg2 17. Rc1 
Bxh1 18. Rxc7 Bh4 19. N@d7 R@a1+ 20. N@c1 Rxc1+ 21. Rxc1 N@f3+ 22. Nxf3 Bxf3 
23. R@g1 N@g2+ 24. Rxg2 Bxg2 25. Nxf8 R@h1+ 26. R@f1 Bxf1 27. Bxf1 Rxf1+ 28. Kxf1 
B@h3+ 29. P@g2 Bxg2+ 30. Kxg2 P@h3+ 31. Kf1 R@g1+ 32. Ke2 Q@e4+ 33. Qe3 P@d3+ 
34. Kd2 Qxe3+ 35. Bxe3 Q@e2+ 36. Kc3 Rxc1+ 37. Bxc1 Qc2+ 38. Kb4 Be7+ 39. B@c5 
R@a4+ 40. Kb5 P@c6# 
{Perplexity checkmated} 0-1

[Event "fics rated crazyhouse match"]
[Site "fics, Oklahoma City, OK USA"]
[Date "2001.02.10"]
[White "LINDEGREN"]
[WhiteElo "2340"]
[Black "Perplexity"]
[BlackElo "2426"]
[TimeControl "180+0"]
[Result "1-0"]

1. e4 e6 2. d4 Nf6 3. Bd3 d6 4. Be3 e5 5. Nf3 Ng4 6. O-O 
exd4 7. Nxd4 P@e5 8. Nf5 Bxf5 9. exf5 Nxe3 10. fxe3 B@c5 11. P@f2 Nc6 
12. Nc3 d5 13. e4 dxe4 14. Nxe4 P@e3 15. P@e6 fxe6 16. fxe6 exf2+ 17. Nxf2 
Bxf2+ 18. Rxf2 Bc5 19. B@d7+ Qxd7 20. exd7+ Kxd7 21. Bf5+ Ke8 22. Qd7+ Kf8 
23. Q@f7# 
{Perplexity checkmated} 1-0

[Event "fics rated crazyhouse match"]
[Site "fics, Oklahoma City, OK USA"]
[Date "2001.02.10"]
[White "Perplexity"]
[WhiteElo "2416"]
[Black "LINDEGREN"]
[BlackElo "2350"]
[TimeControl "180+0"]
[Result "1-0"]

1. e4 Nf6 2. e5 Nd5 3. d4 e6 4. Nf3 d6 5. Nc3 Nc6 6. exd6 
Bxd6 7. Nb5 Qe7 8. P@c4 Nb6 9. c5 Nd5 10. cxd6 cxd6 11. Bc4 O-O 
12. Bg5 f6 13. Bd2 P@e4 14. Nh4 a6 15. Bxd5 exd5 16. N@f5 Bxf5 17. Nxf5 
axb5 18. Nxe7+ Nxe7 19. Q@d7 N@f5 20. B@e6+ P@f7 21. Bxf5 Nxf5 22. Qxf5 B@e6 
23. N@e7+ Kh8 24. Qf4 B@g5 25. Qg3 Bxd2+ 26. Qxd2 N@c4 27. Qxg7# 
{LINDEGREN resigns} 1-0

[Event "fics rated crazyhouse match"]
[Site "fics, Oklahoma City, OK USA"]
[Date "2001.02.10"]
[White "LINDEGREN"]
[WhiteElo "2343"]
[Black "Perplexity"]
[BlackElo "2423"]
[TimeControl "180+0"]
[Result "0-1"]

1. e4 e6 2. d4 d5 3. e5 Nc6 4. Nh3 Nge7 5. Bg5 Qd7 6. Bxe7 
Bxe7 7. Be2 Bh4 8. O-O Rg8 9. Nc3 Qd8 10. Bh5 a6 11. N@f3 g6 
12. Bg4 h5 13. Nxh4 Qxh4 14. B@g5 Qxg4 15. Qxg4 Bd7 16. Qf4 B@f5 17. Rae1 
N@b4 18. Qd2 Bxh3 19. a3 Bxg2 20. f3 Bxf1 21. Rxf1 N@h3+ 22. Kh1 Nxc2 
23. Qxc2 Nxg5 24. N@f6+ Kd8 25. Nxg8 Kc8 26. B@f6 B@h3 27. R@f8+ B@e8 28. Rg1 
P@g2+ 29. Rxg2 R@e1+ 30. Q@g1 Nxf3 31. Ne7+ Nxe7 32. Bxe7 Bxg2+ 33. Qxg2 Nxg1 
34. N@d6+ cxd6 35. Bxd6 Nh3+ 36. B@g1 
{LINDEGREN resigns} 0-1

[Event "fics rated crazyhouse match"]
[Site "fics, Oklahoma City, OK USA"]
[Date "2001.02.10"]
[White "Perplexity"]
[WhiteElo "2429"]
[Black "LINDEGREN"]
[BlackElo "2337"]
[TimeControl "180+0"]
[Result "0-1"]

1. e4 e6 2. d4 Nc6 3. Be3 d5 4. e5 Nge7 5. Nh3 Nf5 6. Be2 
Bb4+ 7. c3 Be7 8. Bd2 O-O 9. Nf4 f6 10. exf6 Bxf6 11. Bh5 P@f7 
12. P@e5 Nxe5 13. dxe5 Bxe5 14. Nd3 Bf6 15. Bf4 Qe7 16. Qe2 P@e4 17. Nc1 
e5 18. Bd2 P@d3 19. Qf1 d4 20. cxd4 exd4 21. N@d5 Qd6 22. Nxf6+ Qxf6 
23. B@b3 P@e2 24. Bxe2 dxe2 25. Qxe2 e3 26. fxe3 dxe3 27. Bxe3 Nxe3 28. Qxe3 
B@f2+ 29. Qxf2 Qxf2+ 30. Kxf2 N@g4+ 31. Ke2 Q@e3+ 32. Kd1 Nf2+ 33. Kc2 Bf5+ 
34. P@e4 Bxe4+ 35. P@d3 Bxd3+ 36. Kc3 B@a5+ 37. P@b4 P@d4# 
{Perplexity checkmated} 0-1

[Event "fics rated crazyhouse match"]
[Site "fics, Oklahoma City, OK USA"]
[Date "2001.02.10"]
[White "LINDEGREN"]
[WhiteElo "2347"]
[Black "Perplexity"]
[BlackElo "2419"]
[TimeControl "180+0"]
[Result "1-0"]

1. e4 e6 2. d4 d6 3. Bd3 Nf6 4. Be3 e5 5. Nf3 Ng4 6. O-O 
exd4 7. Nxd4 P@e5 8. Nf5 Bxf5 9. exf5 Nxe3 10. fxe3 B@c5 11. P@f2 d5 
12. Nc3 Nc6 13. e4 dxe4 14. Nxe4 P@e3 15. fxe3 Bxe3+ 16. P@f2 Bb6 17. P@e6 
fxe6 18. fxe6 Qb8 19. B@d7+ Ke7 20. N@d5+ Kd8 21. Bxc6 P@f7 22. e7+ Bxe7 
23. Nxe7 Kxe7 24. N@d5+ Kf8 25. B@e7+ Kg8 26. Nef6+ gxf6 27. Nxf6+ Kg7 28. Qg4+ 
P@g6 29. Nh5+ Kg8 30. P@g7 N@e6 31. gxh8=Q+ Kxh8 32. Bf6+ P@g7 33. Nxg7 Nxg7 
34. Bxg7+ Kg8 35. P@f6 Bxf2+ 36. Rxf2 N@e2+ 37. Bxe2 N@f3+ 38. Bexf3 N@e2+ 39. Bxe2 
bxc6 40. N@h6# 
{Perplexity checkmated} 1-0

[Event "fics rated crazyhouse match"]
[Site "fics, Oklahoma City, OK USA"]
[Date "2001.02.10"]
[White "Perplexity"]
[WhiteElo "2409"]
[Black "LINDEGREN"]
[BlackElo "2357"]
[TimeControl "180+0"]
[Result "0-1"]

1. e4 e6 2. d4 Nf6 3. e5 Nd5 4. Nf3 d6 5. exd6 Bxd6 6. P@h6 
gxh6 7. Bxh6 Rg8 8. Nc3 P@g7 9. Nxd5 exd5 10. Bg5 Be7 11. Bb5+ Nc6 
12. Qe2 P@e4 13. Bxe7 Qxe7 14. Ne5 B@d7 15. Bxc6 bxc6 16. Qd2 N@c4 17. Nxc4 
dxc4 18. N@e5 B@h6 19. Qe2 N@g4 20. Qxe4 Nxe5 21. dxe5 N@f6 22. Qd4 c5 
23. P@d6 cxd6 24. N@c7+ Kf8 25. Qxd6 Qxd6 26. N@g6+ hxg6 27. exd6 Q@d2+ 28. Kf1 
P@e2+ 29. Kg1 e1=Q+ 30. Rxe1 Qxe1+ 31. N@f1 N@e2# 
{Perplexity checkmated} 0-1